Map: Ancient Cistern LE

Players

Kanoya

  • Race: Terran Terran
  • League: Diamond
  • Spawn Location: 7:00

IIIIIIllIIII - Winner!

  • Race: Zerg Zerg
  • League: Diamond
  • Spawn Location: 1:00

VOD

Have the link to the VOD?

Description

Time

  • Played on: April 10, 2023, 2:57 a.m.
  • Length: 5:24
Show
View Real Time Build Order
Export as new Build Order

Kanoya Terran 

Build Orders: 2 Factory 

Get SALT Encoding   

  12  0:00  SCV  
  13  0:12  SCV  
  14  0:17  Supply Depot  
  14  0:24  SCV  
  15  0:31  Refinery  
  15  0:38  SCV  
  16  0:46  Barracks  
  16  0:57  SCV  
  17  1:00  Refinery  
  17  1:09  SCV  
  18  1:19  Barracks  
  18  1:35  Reaper  
  18  1:38  Supply Depot  
  19  1:46  Orbital Command  
  19  2:09  Barracks Tech Lab  
  19  2:10  Factory  
  19  2:14  SCV  
  20  2:22  Reaper  
  21  2:26  SCV  
  21  2:27  Supply Depot  
  22  2:32  Marauder  
  22  2:35  Concussive Shells  
  24  2:38  SCV  
  24  2:51  SCV  
  24  2:53  Marauder  
  24  2:54  Widow Mine  
  26  3:13  Factory  
  26  3:14  Marauder  
  28  3:27  SCV  
  28  3:33  Barracks Tech Lab  
  29  3:36  Marauder  
  29  4:01  Marauder  
  27  4:08  Factory Tech Lab  
  24  4:11  Command Center  
  10  4:45  Siege Tank  
Show
View Real Time Build Order
Export as new Build Order

IIIIIIllIIII Zerg - Winner!

Build Orders: Pool First 

Get SALT Encoding   

  12  0:02  Drone  
  13  0:17  Drone  
  14  0:26  Overlord  
  14  0:34  Spawning Pool  
  13  0:40  Extractor  
  13  0:41  Drone  
  13  0:44  Drone  
  14  0:58  Drone x2  
  16  1:05  Drone  
  17  1:14  Overlord  
  17  1:26  Roach Warren  
  16  1:54  Hatchery  
  15  2:01  Drone  
  16  2:02  Drone  
  16  2:09  Extractor  
  16  2:15  Burrow  
  15  2:21  Roach  
  17  2:28  Roach  
  19  2:35  Roach  
  21  2:54  Drone x2  
  21  2:56  Overlord  
  23  3:03  Ravager  
  21  3:09  Roach  
  23  3:20  Roach  
  23  3:23  Roach  
  21  3:35  Roach  
  21  3:36  Roach x3  
  25  3:49  Roach x2  
  25  3:50  Roach  
  30  4:06  Roach x3  
  29  4:16  Roach x3  
  29  4:17  Roach  
  29  4:18  Roach  
  31  4:32  Roach x2  
  35  4:59  Drone x2  
Tags
 
Add a new tag
Caveats
  • Supply blocks, unpowered buildings, or Contaminate may cause inaccurate times.
  • Supply counts are checked every 10 seconds.